[Event "Live Chess"]
[Site "Chess.com"]
[Date "2023.09.16"]
[Round "-"]
[White "DaviFuzatto"]
[Black "CauaLopes12"]
[Result "1-0"]
[WhiteElo "1378"]
[BlackElo "1310"]
[TimeControl "900+5"]
[EndTime "6:44:04 PDT"]
[Termination "DaviFuzatto venceu por xeque-mate"]

1. e4 e5 2. Nf3 Nf6 3. Nc3 Nc6 4. Bc4 Nxe4 5. Nxe4 d5 6. Bxd5 Qxd5 7. Nc3 Qd8 8.
O-O Bd6 9. Re1 O-O 10. d3 Bg4 11. h3 Bh5 12. Be3 Re8 13. Ne4 Be7 14. Ng3 Bg6 15. Bd2 h6 16. Nxe5 Nxe5 17. Rxe5 Bd6 18. Rxe8+ Qxe8 19.
Qf3 b6 20. Re1 Qd8 21. Ne4 Be5 22. Bc3 Bxc3 23. Nxc3 Rc8 24. Qe3 Qd6 25. Qe7 Qxe7 26. Rxe7 Kf8 27. Re3 Re8 28. Kh2 Rxe3 29. fxe3 Ke7 30.
Kg3 Ke6 31. Kf4 f6 32. g4 Kd6 33. Ne4+ Ke6 34. h4 Bxe4 35. Kxe4 c6 36. h5 Kf7 37. Kf5 Kg8 38. Ke6 Kf8 39. Kd6 Kf7 40. Kxc6 g6 41. d4 gxh5 42. gxh5 f5 43. d5 Kf6 44. d6 Kg5 45. d7 Kxh5 46. d8=Q Kg6 47. Qh4 h5 48. Kb7 Kh7 49. Kxa7 Kg7 50. Ka8 Kf7 51. Qxh5+ Ke7 52. Qxf5 Kd6 53. Kb7 Ke7 54. Kxb6 Kd8 55. Qf7 Kc8 56. Qc7# 1-0

[Event "Live Chess"]
[Site "Chess.com"]
[Date "2023.09.16"]
[Round "-"]
[White "lanofimdojogo"]
[Black "Rafael-2021"]
[Result "0-1"]
[WhiteElo "296"]
[BlackElo "1113"]
[TimeControl "900+5"]
[EndTime "6:47:00 PDT"]
[Termination "Rafael-2021 venceu por xeque-mate"]

1. g4 d5 2. Bg2 Bxg4 3. f3 Bf5 4.
Nh3 Bxh3 5. Bxh3 e5 6. d4 Qh4+ 7. Kf1 Qxh3+ 8. Kf2 e4 9. Qd2 Nf6 10. Qb4 Bxb4 11. fxe4 Nxe4+ 12. Kg1 Qg4+ 13. Kf1 Nc6 14.
Rg1 Qh3+ 15. Rg2 Nxd4 16. Bf4 Nxc2 17. Bxc7 Ne3+ 18. Kg1 Qxg2# 0-1

[Event "Live Chess"]
[Site "Chess.com"]
[Date "2023.09.16"]
[Round "-"]
[White "Sabadin21"]
[Black "lgomessc"]
[Result "0-1"]
[WhiteElo "902"]
[BlackElo "1145"]
[TimeControl "900+5"]
[EndTime "6:47:52 PDT"]
[Termination "lgomessc venceu por desistência"]

1. e4 e5 2. Nf3 Nc6 3. Nc3 Bc5 4.
d3 d6 5. Be2 Bg4 6. O-O Nf6 7.
Bg5 h6 8. Bd2 O-O 9. h3 Bh5 10.
Nh2 Bxe2 11. Qxe2 Nd4 12. Qd1 c6 13. Be3 d5 14. Bxd4 exd4 15. Ne2 dxe4 16. dxe4 Nxe4 17. c3 dxc3 18. Qxd8 Raxd8 19. Nxc3 Nxc3 20. bxc3 Rd3 21. Rfc1 Ba3 22. Rd1 Rxc3 23. Rd7 Rc1+ 24. Rxc1 Bxc1 25. Rxb7 Rd8 26. Nf3 Bf4 27. Rb1 c5 28. Ne1 c4 29. Nc2 c3 30. Kf1 Rd2 31. Rc1 h5 32. Ke1 h4 33. g3 hxg3 34. fxg3 Bxg3+ 35. Kf1 Rh2 36. Ne1 Bxe1 37. Kxe1 Rh1+ 38. Ke2 Rxc1 0-1

[Event "Live Chess"]
[Site "Chess.com"]
[Date "2023.09.16"]
[Round "-"]
[White "asafefausto"]
[Black "AnaHelenaAulicino"]
[Result "1-0"]
[WhiteElo "680"]
[BlackElo "605"]
[TimeControl "900+5"]
[EndTime "6:47:53 PDT"]
[Termination "asafefausto venceu por xeque-mate"]

1. d4 d5 2. Nc3 e6 3. e4 dxe4 4. Nxe4 Nc6 5. Bc4 Bd6 6. Nxd6+ Qxd6 7. d5 Ne5 8. Bb5+ c6 9. dxc6 bxc6 10. Qxd6 Ng4 11. Bxc6+ Bd7 12. Qxd7+ Kf8 13. Bxa8 N8f6 14. Qd8+ Ne8 15. Bc6 g6 16. Qxe8+ Kg7 17. Qe7 Ne5 18.
Qg5 Nxc6 19. Qh6+ Kf6 20. Bg5+ Kf5 21. Nf3 Rb8 22. Nh4+ Kg4 23. f3# 1-0

[Event "Live Chess"]
[Site "Chess.com"]
[Date "2023.09.16"]
[Round "-"]
[White "isanamie12"]
[Black "Corveloni_Ma"]
[Result "0-1"]
[WhiteElo "806"]
[BlackElo "1383"]
[TimeControl "900+5"]
[EndTime "6:48:28 PDT"]
[Termination "Corveloni_Ma venceu por xeque-mate"]

1. d4 Nf6 2. c4 e6 3. Nf3 b6 4. g3 Bb7 5. Bg2 Be7 6. O-O O-O 7. Nc3 d5 8. Bg5 c5 9. e3 Nc6 10. Ne5 Qc7 11. Re1 Rad8 12. Nxc6 Bxc6 13. Qf3 Ne4 14. Bxe7 Qxe7 15. Qg4 f5 16. Qf4 dxc4 17. Nxe4 fxe4 18. Qh4 Qxh4 19. gxh4 cxd4 20. exd4 Rxd4 21. Bh3 Rf6 22. Rad1 e5 23. Rxd4 exd4 24. Rd1 d3 25. Rd2 b5 26. Kf1 e3 27. Be6+ Rxe6 28. fxe3 Rxe3 29.
Kf2 Rh3 30. b3 Rxh2+ 31. Ke3 Rxd2 32. Kxd2 Kf7 33. Kc3 b4+ 34. Kd2 Bd5 35. Ke3 Kf6 36. Kd2 g5 37. bxc4 Bxc4 38. hxg5+ Kxg5 39. Ke3 h5 40. Kd2 h4 41. a3 h3 42. a4 h2 43. a5 h1=Q 44. a6 Qg2+ 45. Ke3 Qe2+ 46. Kd4 Bxa6 47.
Kc5 Qe5+ 48. Kxb4 Qb5+ 49. Kc3 Qc4+ 50. Kd2 Qc2+ 51. Ke3 d2 52. Kf2 d1=Q+ 53. Ke3 Qce2# 0-1

[Event "Live Chess"]
[Site "Chess.com"]
[Date "2023.09.16"]
[Round "-"]
[White "Corveloni_Ma"]
[Black "Sabadin21"]
[Result "1-0"]
[WhiteElo "1384"]
[BlackElo "887"]
[TimeControl "900+5"]
[EndTime "6:50:53 PDT"]
[Termination "Corveloni_Ma venceu por desistência"]

1. d4 f5 2. Nf3 Nc6 3. c4 Nf6 4.
g3 d5 5. Bg2 e6 6. O-O Bd6 7.
Nbd2 O-O 8. Qc2 dxc4 9. Nxc4 Bd7 10. b3 b6 11. Bb2 Qe7 12. Nfe5 Nxe5 13. Bxa8 Rxa8 14.
dxe5 Bc5 15. exf6 Qxf6 16. Bxf6 gxf6 1-0

[Event "Live Chess"]
[Site "Chess.com"]
[Date "2023.09.16"]
[Round "-"]
[White "Ruanfelipe2014"]
[Black "guilhermemazza"]
[Result "1-0"]
[WhiteElo "974"]
[BlackElo "485"]
[TimeControl "900+5"]
[EndTime "6:54:49 PDT"]
[Termination "Ruanfelipe2014 venceu por xeque-mate"]

1. e4 e5 2. Nf3 Nc6 3. Bc4 Nf6 4. d3 Bc5 5. Bg5 h6 6. Bh4 g5 7. Bg3 d6 8. h4 gxh4 9. Rxh4 Bg4 10. Nc3 Bxf3 11.
Qxf3 Nb4 12. Bb3 Qe7 13. a3 Nxc2+ 14. Bxc2 O-O-O 15. b4 Bd4 16. a4 Bxc3+ 17. Ke2 Bxa1 18. Rh1 c5 19. Rxa1 cxb4 20. Rc1 Kb8 21. d4 Nh5 22. Qxh5 Rc8 23. dxe5 dxe5 24. Bxe5+ Ka8 25. Bxh8 Rxh8 26. Bd3 Rg8 27. Qxh6 Qf8 28. Qh3 b3 29. Rb1 Qa3 30. Qh7 Qa2+ 31. Ke3 Rf8 32. Qf5 Qxb1 33. Bxb1 b2 34. Qe5 Rc8 35. Qxb2 a5 36. e5 b5 37. Qxb5 Rb8 38. Qxa5+ Kb7 39. Be4+ Kc8 40.
Bf5+ Kb7 41. Qb5+ Kc7 42. Qd7+ Kb6 43. a5+ Kxa5 44. Qa7+ Kb5 45. Qxb8+ Kc5 46. Qd8 Kc4 47. Bd3+ Kc3 48. Qc7+ Kb2 49. Qc2+ Ka3 50. Qb1 Ka4 51.
Qb6 Ka3 52. Qb5 Ka2 53. Qb4 Ka1 54. Qb1# 1-0

[Event "Live Chess"]
[Site "Chess.com"]
[Date "2023.09.16"]
[Round "-"]
[White "Mariafernanda2805"]
[Black "SaladaChess"]
[Result "0-1"]
[WhiteElo "988"]
[BlackElo "1103"]
[TimeControl "900+5"]
[EndTime "6:55:22 PDT"]
[Termination "SaladaChess venceu por xeque-mate"]

1. e4 c6 2. Bc4 d5 3. exd5 cxd5 4. Bd3 e5 5. Nf3 e4 6. Bxe4 dxe4 7. Ne5 Bd6 8. Nc4 Nf6 9. O-O O-O 10. d3 exd3 11.
Qxd3 Bc7 12. Qc3 b6 13. h3 Bb7 14. Be3 Qd5 15. f3 Ba6 16. Nba3 Bxc4 17. Nxc4 Nc6 18.
Rad1 Qe6 19. b3 h6 20. Qb2 Nd5 21. Rd3 Ncb4 22. Rdd1 Nxe3 23. Nxe3 Qxe3+ 24. Rf2 Bg3 25. Rf1 Bxf2+ 26. Rxf2 Rad8 27. Qb1 Rd2 28. Qf1 Rxf2 29. Qxf2 Qxf2+ 30. Kxf2 Nxc2 31. Ke2 Re8+ 32. Kd2 Nb4 33. Kc3 Nxa2+ 34. Kc4 Re2 35. g4 Re3 36. f4 Rxh3 37. f5 Rc3+ 38. Kd4 Rxb3 39. Kc4 Rb4+ 40. Kd5 Rxg4 41.
Ke5 Rg5 42. Kf4 a5 43. Ke5 a4 44. Kd6 a3 45. Ke7 Rxf5 46. Ke8 Nc3 47. Ke7 a2 48. Ke8 a1=Q 49. Ke7 Qe1+ 50. Kd8 Rd5+ 51. Kc7 Qe7+ 52. Kc6 Qe6+ 53. Kc7 Rd7+ 54. Kc8 Qe8# 0-1

[Event "Live Chess"]
[Site "Chess.com"]
[Date "2023.09.16"]
[Round "-"]
[White "Sabadin21"]
[Black "Ruanfelipe2014"]
[Result "0-1"]
[WhiteElo "881"]
[BlackElo "984"]
[TimeControl "900+5"]
[EndTime "6:56:45 PDT"]
[Termination "Ruanfelipe2014 venceu por xeque-mate"]

1. e4 e5 2. Nf3 Nc6 3. Nc3 Bc5 4. Bc4 d6 5. d3 Bg4 6. O-O Nd4 7. Be3 Nxf3+ 8. gxf3 Bh3 9. Re1 Bxe3 10. Rxe3 Qg5+ 11. Kh1 Qg2# 0-1

[Event "Live Chess"]
[Site "Chess.com"]
[Date "2023.09.16"]
[Round "-"]
[White "Highlanderson"]
[Black "rakohibri"]
[Result "1-0"]
[WhiteElo "1549"]
[BlackElo "701"]
[TimeControl "900+5"]
[EndTime "6:56:47 PDT"]
[Termination "Highlanderson venceu por xeque-mate"]

1. e4 e5 2. a3 Nf6 3. Nf3 Nc6 4. Nc3 Bc5 5. Nxe5 Nxe5 6. d4 Nd3+ 7. Qxd3 Bb6 8. Bg5 h6 9. Bh4 c6 10. e5 Ng4 11. Bxd8 Bxd8 12. Qg3 d5 13. h3 Nxe5 14. Qxe5+ Be7 15. O-O-O Be6 16. Qc7 Bc8 17. Re1 O-O 18. Qxe7 Bxh3 19. Bd3 Bxg2 20. Rhg1 Rae8 21. Qxe8 Rxe8 22.
Rxe8# 1-0

[Event "Live Chess"]
[Site "Chess.com"]
[Date "2023.09.16"]
[Round "-"]
[White "Rafael-2021"]
[Black "DaviFuzatto"]
[Result "0-1"]
[WhiteElo "1080"]
[BlackElo "1381"]
[TimeControl "900+5"]
[EndTime "6:58:46 PDT"]
[Termination "DaviFuzatto venceu por desistência"]

1. e4 e6 2. d4 d5 3. e5 c5 4. c3 Nc6 5. Nf3 Qb6 6. g3 Nge7 7. Na3 Nf5 8. Nc2 Be7 9. Bg2 O-O 10. b3 cxd4 11. cxd4 Bb4+ 12. Nxb4 Qxb4+ 13. Qd2 Qxd2+ 14. Bxd2 Ncxd4 15. Nxd4 Nxd4 16. O-O Bd7 17. Bc3 Nc6 18. Rac1 Rfc8 19. f4 Ne7 20. Bd4 a6 21.
Rxc8+ Rxc8 22. Rf2 Nf5 23. Bb6 Rc6 24. Ba5 f6 25.
Bh3 Rc1+ 26. Bf1 Ne3 27. Bd2 Rxf1+ 28. Rxf1 Nxf1 29. Kxf1 fxe5 30. fxe5 Kf7 31. Ke2 Kg6 32. Kf3 Kf5 33. Bf4 g5 34. Bd2 g4+ 35. Ke3 Kxe5 36. Bc3+ Kf5 37. Bd4 h5 38. Bg7 e5 39. Bh6 d4+ 40. Kd3 Bb5+ 41. Kd2 Ke4 42. Bf8 Kf3 43. Bg7 Ke4 44. Bf6 d3 45. Bg5 Kf3 46. Bf6 e4 47. Bg5 Kg2 48. Bf4 Kxh2 49. a4 Bc6 50.
Ke3 Kh3 51. Kd2 h4 52. gxh4 Kxh4 53. Bh2 Kh3 54. Bg1 g3 55. Kd1 Kg2 56. Be3 Kf1 57.
Kd2 g2 58. Kd1 g1=Q 59. Bxg1 Kxg1 60. Kd2 Kf2 61. Kd1 e3 62. a5 e2+ 0-1

[Event "Live Chess"]
[Site "Chess.com"]
[Date "2023.09.16"]
[Round "-"]
[White "guilhermemazza"]
[Black "Corveloni_Ma"]
[Result "0-1"]
[WhiteElo "484"]
[BlackElo "1384"]
[TimeControl "900+5"]
[EndTime "7:00:59 PDT"]
[Termination "Corveloni_Ma venceu por xeque-mate"]

1. e4 c6 2. d4 d5 3. f3 dxe4 4.
fxe4 Nf6 5. Nc3 e6 6. Bf4 Be7 7. Bxb8 Rxb8 8. Qe2 O-O 9. O-O-O b5 10. a4 bxa4 11. Nxa4 Qa5 12. b3 Ba3+ 13. Kb1 Qxa4 14. d5 cxd5 15. exd5 exd5 16. Qe7 Bxe7 17. Rxd5 Nxd5 18.
Bc4 Nc3+ 19. Kb2 Qa2+ 20. Kxc3 Bf6+ 21. Kd3 Rd8+ 22. Ke3 Bg5+ 23. Ke2 Qxc2+ 24. Kf3 Qd1+ 25. Ke4 Re8+ 26. Be6 Rxe6+ 27. Kf5 Qd5+ 28. Kg4 Re3+ 29. Kh5 g6# 0-1

[Event "Live Chess"]
[Site "Chess.com"]
[Date "2023.09.16"]
[Round "-"]
[White "CauaLopes12"]
[Black "pedromiguelchess"]
[Result "1-0"]
[WhiteElo "1316"]
[BlackElo "1092"]
[TimeControl "900+5"]
[EndTime "7:02:25 PDT"]
[Termination "CauaLopes12 venceu por xeque-mate"]

1. e4 c5 2. Nf3 d6 3. c3 Nc6 4. d4 cxd4 5. cxd4 e6 6. Nc3 d5 7. e5 Nge7 8. Be3 Nf5 9. Qd2 Nxe3 10. Qxe3 Be7 11. Bd3 O-O 12. O-O Qd7 13. Rad1 Qd8 14.
Bb1 g6 15. a3 Re8 16. Qd3 Bf8 17. h4 Bg7 18. h5 Ne7 19. hxg6 hxg6 20. Ng5 Nf5 21. Nf3 Bd7 22. Qd2 a5 23. Bxf5 exf5 24. g3 b5 25. Kg2 b4 26. axb4 axb4 27. Nxd5 Bc6 28. Nxb4 Bxf3+ 29. Kxf3 g5 30. Nc2 Qd5+ 31. Ke2 Qe4+ 32. Ne3 g4 33. Qd3 Qf3+ 34. Ke1 Bh6 35. Nxf5 Qxd3 36. Rxd3 Ra1+ 37. Ke2 Rxf1 38. Kxf1 Rb8 39.
Nxh6+ Kg7 40. Nxg4 Rxb2 41. d5 Rb6 42. d6 Rb8 43. d7 Rd8 44. Nf6 Kf8 45. Rc3 Ke7 46.
Rc8 Rxd7 47. Nxd7 Kxd7 48. Rc4 Ke6 49. f4 f5 50. exf6 Kxf6 51. Rc5 Ke7 52. Rc6 Kf7 53. f5 Ke7 54. g4 Kf7 55. g5 Ke7 56. g6 Kf8 57. Rc7 Kg8 58. f6 Kf8 59. g7+ Kg8 60. Rc8+ Kf7 61. g8=Q+ Kxf6 62. Qh7 Ke5 63. Rc5+ Kd6 64.
Qf5 Ke7 65. Rc7+ Kd6 66. Qc5+ Ke6 67. Rc6+ Kd7 68. Qb6 Ke7 69. Qb7+ Kd8 70. Rc8# 1-0

[Event "Live Chess"]
[Site "Chess.com"]
[Date "2023.09.16"]
[Round "-"]
[White "lgomessc"]
[Black "asafefausto"]
[Result "1-0"]
[WhiteElo "1148"]
[BlackElo "667"]
[TimeControl "900+5"]
[EndTime "7:03:02 PDT"]
[Termination "lgomessc venceu por desistência"]

1. e4 Nf6 2. Nc3 d6 3. Bc4 e5 4. Nf3 Be6 5. Bxe6 fxe6 6. d3 Be7 7.
Bg5 O-O 8. O-O Nc6 9. Bxf6 Bxf6 10. h3 Qe7 11. Nb5 Rad8 12. d4 exd4 13. Nbxd4 Nxd4 14. Nxd4 Bh4 15. Qg4 Rf7 16. Nxe6 Rdf8 17. Nxf8 Rxf8 18. g3 Qg5 19. Qxh4 Qxh4 20. gxh4 Rf6 21. f4 Rg6+ 22. Kh2 c5 23. f5 Rh6 24. Rg1 Rxh4 25. f6 Rxe4 26. Rxg7+ Kf8 27. Rag1 Re2+ 28. R1g2 Re6 29.
Rg8+ Kf7 30. R8g7+ Kxf6 31. Rxh7 d5 32. Rxb7 d4 33.
Rf2+ Kg5 34. Rg7+ Rg6 35. Rg2+ Kf5 36. R7xg6 c4 37. Rc6 d3 38. Rc5+ Ke4 39. cxd3+ cxd3 40. Rc7 Ke3 41. Re7+ Kd4 42. Rxa7 Ke3 43. Rd7 Ke4 44. Rd2 Ke3 45. R2xd3+ 1-0

[Event "Live Chess"]
[Site "Chess.com"]
[Date "2023.09.16"]
[Round "-"]
[White "VitorEMS"]
[Black "PedroRossi14"]
[Result "1-0"]
[WhiteElo "737"]
[BlackElo "518"]
[TimeControl "900+5"]
[EndTime "7:03:07 PDT"]
[Termination "VitorEMS venceu por desistência"]

1. e4 c6 2. d4 d5 3. e5 Bf5 4.
Nf3 e6 5. Nc3 Be7 6. Bf4 Nd7 7.
Be2 c5 8. O-O cxd4 9. Nxd4 Bg6 10. Qd2 Bc5 11. f3 Ne7 12. Kh1 O-O 13. Nb3 Bb6 14.
Be3 Bxe3 15. Qxe3 Nf5 16. Qf2 Nxe5 17. f4 Nc4 18. Rab1 Nce3 19. Rfe1 Nxc2 20. Red1 Nce3 21. Re1 Rb8 22. Nd1 d4 23. Nxe3 dxe3 24. Qf3 a6 25. Red1 Qb6 26. Kg1 Nh4 27. Qg3 Nf5 28. Qf3 Rfd8 29.
Rdc1 Rd7 30. Re1 Rbd8 31. Ra1 Nd4 32. Qxe3 Nxe2+ 33. Rxe2 Qxe3+ 34. Rxe3 Bc2 35. Nc5 Rd5 36. Nxb7 R8d7 37. Na5 Rxa5 38. b4 Rad5 39. Ree1 Bd1 40. f5 h6 41. fxe6 fxe6 42. Rxe6 Bg4 43. Re8+ Kh7 44.
Ree1 h5 45. h3 Bf5 46. a4 a5 47. b5 g5 48. b6 g4 49. hxg4 Bxg4 50. Rab1 Rb7 51. Re8 Rd4 52. Ra8 Rxa4 53. Ra7 Bf5 54. Rxb7+ Kh6 55. Rf1 Be4 56. Rf6+ 1-0

[Event "Live Chess"]
[Site "Chess.com"]
[Date "2023.09.16"]
[Round "-"]
[White "RyanDiniz2011"]
[Black "Alplee"]
[Result "1/2-1/2"]
[WhiteElo "1554"]
[BlackElo "1965"]
[TimeControl "900+5"]
[EndTime "7:04:40 PDT"]
[Termination "Partida empatada por acordo"]

1. d4 Nf6 2. c4 e6 3. Nc3 d5 4. Bf4 Bb4 5. e3 Bxc3+ 6. bxc3 O-O 7. Nf3 b6 8. Qc2 Ba6 9. Nd2 Nbd7 10. Be2 dxc4 11. Bg5 h6 12. Bxf6 Nxf6 13. Bxc4 Bxc4 14. Nxc4 Qd5 15. Ne5 Qxg2 16. Ke2 Qe4 17. Qd2 Rfd8 18. Rhg1 Nd7 19. Ng4 Kh7 20. f3 Qc6 21. Qd3+ Kh8 22. Rg3 b5 23. Rag1 Qc4 24. Rh3 Qxd3+ 25. Kxd3 Kh7 26.
Rhg3 g6 27. h4 h5 28. Nf2 e5 29. Ne4 Rab8 30. a3 Rb6 31. Kc2 exd4 32. exd4 Nf6 33. Ng5+ Kg7 34. Re1 Re8 35. Rgg1 Rbb8 36. Ne4 Nxe4 37.
Rxe4 f5 38. Rxe8 Rxe8 39. Kd3 Kf6 40. Rb1 a6 41. c4 c6 42. d5 cxd5 43. cxb5 Rd8 44.
bxa6 Ra8 45. Rb7 Rxa6 46. Rb3 Ra4 47. Ke3 Rxh4 48. Rb6+ Kg5 49. Ra6 Rc4 50. a4 h4 51.
a5 h3 52. Ra8 Ra4 53. Rh8 Rxa5 54. Rxh3 Ra3+ 55. Kd4 Ra5 56. Ke5 d4+ 57. Kxd4 Ra4+ 58.
Ke3 Rh4 59. Rg3+ Kf6 60. f4 Rg4 61. Rh3 Ke6 62. Kf3 Kd5 63. Rh1 Kc4 64. Rc1+ Kd5 65. Rd1+ Kc4 66. Rd6 1/2-1/2

[Event "Live Chess"]
[Site "Chess.com"]
[Date "2023.09.16"]
[Round "-"]
[White "guilhermemazza"]
[Black "Rafael-2021"]
[Result "0-1"]
[WhiteElo "479"]
[BlackElo "1087"]
[TimeControl "900+5"]
[EndTime "7:05:47 PDT"]
[Termination "Rafael-2021 venceu por desistência"]

1. e4 e5 2. Nf3 Nc6 3. d4 exd4 4. Nxd4 Nf6 5. Nxc6 bxc6 6. e5 Ne4 7. e6 dxe6 8.
f3 Qxd1+ 9. Kxd1 Nf2+ 10. Ke2 Nxh1 11. Bg5 Ba6+ 12. Ke1 Bxf1 13. Kxf1 Bc5 14. Nd2 O-O 15. Ke2 f6 16. Rxh1 fxg5 17. h4 gxh4 18. Rxh4 Rab8 19. Ne4 Be7 20. Rh5 Rxb2 21. g4 Rxc2+ 22. Nd2 Bb4 23. g5 Rxd2+ 24. Ke3 Rd5 25. Ke4 g6 26. Rh6 Rxg5 27. f4 Rg4 0-1

[Event "Live Chess"]
[Site "Chess.com"]
[Date "2023.09.16"]
[Round "-"]
[White "SaladaChess"]
[Black "Sabadin21"]
[Result "1-0"]
[WhiteElo "1113"]
[BlackElo "877"]
[TimeControl "900+5"]
[EndTime "7:06:39 PDT"]
[Termination "SaladaChess venceu por desistência"]

1. c4 e5 2. Nc3 Nc6 3. Nf3 Nf6 4. d4 exd4 5. Nxd4 Nxd4 6. Qxd4 Be7 7. e4 O-O 8. Be2 d6 9. O-O Be6 10. Qe3 b6 11. Qg3 g6 12. Bh6 Re8 13. Bf3 Bf8 14. Bxf8 Rxf8 15. Qg5 Nd7 16. Qxd8 Raxd8 17. b3 Nc5 18. Rad1 Na6 19. Nd5 Bxd5 20. exd5 Nb4 21. a3 Na6 22. b4 Nb8 23. Rfe1 Rde8 24. h3 Rxe1+ 25. Rxe1 Nd7 26. Re7 Nb8 27. Rxc7 Re8 28. Kf1 Rd8 29. Rxa7 Nd7 30. Bg4 Nf6 31. Ra6 Nxg4 32.
hxg4 Re8 33. Rxb6 Re4 34. c5 dxc5 35. bxc5 Rxg4 36. c6 Rd4 37. c7 Rd1+ 38. Ke2 Rc1 39. Rb8+ Kg7 40. c8=Q Rxc8 41. Rxc8 Kf6 42. d6 Ke6 43. Rc7 Kxd6 44. Rxf7 Kc5 45. Rxh7 Kc4 46. Rh6 Kb3 47. Rxg6 Kxa3 48. f4 Kb4 49. f5 Kc5 50. f6 Kd5 51. f7 Ke5 52. f8=Q 1-0

[Event "Live Chess"]
[Site "Chess.com"]
[Date "2023.09.16"]
[Round "-"]
[White "AnaHelenaAulicino"]
[Black "isanamie12"]
[Result "1/2-1/2"]
[WhiteElo "623"]
[BlackElo "801"]
[TimeControl "900+5"]
[EndTime "7:06:49 PDT"]
[Termination "Empate por repetição"]

1. e4 e5 2. Nf3 Nc6 3. Bc4 Bc5 4. d3 Nf6 5. Ng5 O-O 6. O-O h6 7.
Nf3 d5 8. exd5 Nxd5 9. Nc3 Nxc3 10.
bxc3 Qf6 11. Re1 e4 12. Rxe4 Qxc3 13. Rb1 Qf6 14. g3 Nd4 15. Nxd4 Bxd4 16. Rf4 Qd6 17.
Bb2 Bxb2 18. Rxb2 b6 19. Qf3 Rb8 20. Bxf7+ Rxf7 21. Rxf7 Qe6 22. Rxc7 Qe1+ 23. Kg2 Qc1 24. Rb3 a5 25. Qd5+ Kh8 26. Qd8+ Kh7 27. Rxc8 Rxc8 28.
Qxc8 Qg5 29. Rxb6 Qd5+ 30. Kf1 Qh1+ 31. Ke2 Qxh2 32. c4 Qh5+ 33. Kf1 Qh1+ 34. Ke2 Qh5+ 35. Ke3 Qg5+ 36. Kf3 Qh5+ 37. Kg2 Qf7 38. Rb8 Kg6 39.
Rb6+ Kh7 40. c5 Qd5+ 41. Kf1 Qxd3+ 42. Ke1 Qc3+ 43. Kf1 Qd3+ 44. Kg1 Qd1+ 45. Kg2 Qd5+ 46. Kh2 Qh5+ 47. Kg2 Qd5+ 48. Kh2 Qh5+ 49. Kg2 Qd5+ 1/2-1/2

[Event "Live Chess"]
[Site "Chess.com"]
[Date "2023.09.16"]
[Round "-"]
[White "asafefausto"]
[Black "pedromiguelchess"]
[Result "0-1"]
[WhiteElo "652"]
[BlackElo "1095"]
[TimeControl "900+5"]
[EndTime "7:08:59 PDT"]
[Termination "pedromiguelchess venceu por xeque-mate"]

1. d4 Nf6 2. Nc3 e6 3. f3 c5 4. e4 cxd4 5. Qxd4 Nc6 6. Qf2 e5 7. Bg5 h6 8. Bh4 Be7 9. Qg3 O-O 10. O-O-O Nxe4 11. Nxe4 Bxh4 12. Nf6+ Qxf6 13. Qg4 d5 14.
Rxd5 Bxg4 15. fxg4 Qxf1+ 16. Rd1 Bg5+ 17. Kb1 Qxd1# 0-1

[Event "Live Chess"]
[Site "Chess.com"]
[Date "2023.09.16"]
[Round "-"]
[White "CauaLopes12"]
[Black "lgomessc"]
[Result "1-0"]
[WhiteElo "1323"]
[BlackElo "1136"]
[TimeControl "900+5"]
[EndTime "7:09:45 PDT"]
[Termination "CauaLopes12 venceu por xeque-mate"]

1. e4 e5 2. Nf3 Nc6 3. Bc4 d6 4. h3 h6 5. c3 Nf6 6. d3 a6 7. Bb3 d5 8. exd5 Nxd5 9. O-O Nf4 10. Re1 Ng6 11. Nbd2 Bc5 12. Nf1 O-O 13. Ng3 Re8 14. Bc2 Nh4 15. Nxh4 Qxh4 16. Be3 Bxe3 17. Rxe3 Qf6 18. d4 Qd8 19. dxe5 Qxd1+ 20. Rxd1 Rxe5 21. Rxe5 Nxe5 22. Rd8# 1-0

[Event "Live Chess"]
[Site "Chess.com"]
[Date "2023.09.16"]
[Round "-"]
[White "isanamie12"]
[Black "guilhermemazza"]
[Result "1-0"]
[WhiteElo "804"]
[BlackElo "464"]
[TimeControl "900+5"]
[EndTime "7:10:10 PDT"]
[Termination "isanamie12 venceu por desistência"]

1. d4 d5 2. c4 dxc4 3. e4 c5 4. d5 e6 5. Bxc4 exd5 6. exd5 Nd7 7. Nf3 Ngf6 8. O-O Ne5 9. Re1 Be7 10. Nxe5 Bd6 11.
Bb5+ Bd7 12. Bxd7+ Qxd7 13. Nxd7+ 1-0

[Event "Live Chess"]
[Site "Chess.com"]
[Date "2023.09.16"]
[Round "-"]
[White "RyanDiniz2011"]
[Black "PedroRossi14"]
[Result "1-0"]
[WhiteElo "1554"]
[BlackElo "518"]
[TimeControl "900+5"]
[EndTime "7:10:26 PDT"]
[Termination "RyanDiniz2011 venceu por desistência"]

1. d4 c6 2. c4 d5 3. Nc3 Nf6 4. Bf4 Nbd7 5. e3 e6 6. Nf3 Be7 7. Be2 O-O 8. O-O c5 9. cxd5 exd5 10. Ne5 cxd4 11. exd4 Nb6 12. Qd3 Nc4 13. Nxc4 dxc4 14. Qxc4 Be6 15. Qd3 Rc8 16. Rfd1 a6 17. Qg3 b5 18.
Bh6 Nh5 19. Bxh5 g6 20. Bxf8 Qxf8 21. d5 Bf5 22. Bg4 Bxg4 23. Qxg4 Rc4 24. Qf3 Bd6 25.
Ne4 Be5 26. Nf6+ Bxf6 27. Qxf6 Qh6 28. Re1 Rf4 29. Re8+ 1-0

[Event "Live Chess"]
[Site "Chess.com"]
[Date "2023.09.16"]
[Round "-"]
[White "Highlanderson"]
[Black "Mariafernanda2805"]
[Result "0-1"]
[WhiteElo "1516"]
[BlackElo "1003"]
[TimeControl "900+5"]
[EndTime "7:10:37 PDT"]
[Termination "Mariafernanda2805 venceu por desistência"]

1. e4 c5 2. Nf3 d6 3. d4 cxd4 4. Nxd4 Nf6 5. Nc3 a6 6. Bc4 g6 7. Be3 Bg7 8. f3 O-O 9. Qd2 Nc6 10. O-O-O Bd7 11. Bh6 Nxd4 12. Bxg7 Kxg7 13. Qxd4 e5 14. Qxd6 Be6 15. Bxe6 fxe6 16. Qxe6 Qe8 17. Qb6 Qe7 18. Nd5 Nxd5 19. Rxd5 Qf7 20. Rhd1 Kg8 21. Kb1 Rab8 22. Rd7 Qf4 23. Qe6+ Rf7 24. Rd8+ Rxd8 25. Rxd8+ Kg7 26. g3 Qxf3 27. Qxe5+ Rf6 28. Rd7+ Kh6 29. a3 Qf1+ 30.
Ka2 Qc4+ 31. b3 Qxc2+ 32. Ka1 Rf1+ 0-1

[Event "Live Chess"]
[Site "Chess.com"]
[Date "2023.09.16"]
[Round "-"]
[White "Corveloni_Ma"]
[Black "DaviFuzatto"]
[Result "1-0"]
[WhiteElo "1395"]
[BlackElo "1373"]
[TimeControl "900+5"]
[EndTime "7:11:47 PDT"]
[Termination "Corveloni_Ma venceu por desistência"]

1. d4 Nf6 2. Nf3 g6 3. g3 Bg7 4.
Bg2 O-O 5. O-O d6 6. c4 Nbd7 7. Nbd2 e5 8. Qc2 exd4 9. Nxd4 Nb6 10. b3 Nfd7 11. Bb2 Nc5 12. e4 Re8 13. Rfe1 Ne6 14. Nxe6 Bxe6 15. Bxg7 Kxg7 16. Qc3+ Kg8 17. Rad1 Qd7 18.
e5 Rab8 19. Ne4 Kf8 20. Nf6 Qe7 21. Nxe8 Rxe8 22. exd6 1-0

[Event "Live Chess"]
[Site "Chess.com"]
[Date "2023.09.16"]
[Round "-"]
[White "lgomessc"]
[Black "guilhermemazza"]
[Result "1-0"]
[WhiteElo "1137"]
[BlackElo "462"]
[TimeControl "900+5"]
[EndTime "7:12:23 PDT"]
[Termination "lgomessc venceu por xeque-mate"]

1. e4 e5 2. Nf3 Nc6 3. Bc4 Nf6 4. Ng5 h6 5. Nxf7 Qe7 6. Nxh8 d5 7. Bxd5 Nxd5 8. exd5 Nd4 9. Qh5+ Qf7 10. Qxf7+ Kd8 11. Qxf8+ Kd7 12. Nf7 Nxc2+ 13. Kf1 Nxa1 14. Qd8# 1-0

[Event "Live Chess"]
[Site "Chess.com"]
[Date "2023.09.16"]
[Round "-"]
[White "VitorEMS"]
[Black "Alplee"]
[Result "0-1"]
[WhiteElo "737"]
[BlackElo "1965"]
[TimeControl "900+5"]
[EndTime "7:13:08 PDT"]
[Termination "Alplee venceu por desistência"]

1. e4 c5 2. Nc3 d6 3. Nf3 Nc6 4. d4 cxd4 5. Nxd4 Nf6 6. Nxc6 bxc6 7. Bc4 e5 8. O-O Be7 9. Bg5 Be6 10. Bd3 h6 11. Bxf6 Bxf6 12. Qd2 Rb8 13. b3 Bg5 14. Qe2 Qa5 15. Qe1 O-O 16. a3 Bxb3 17. cxb3 Rxb3 18. Ne2 Qxe1 19. Rfxe1 Rxd3 20. f4 Bxf4 21. Nxf4 exf4 22. e5 d5 23. e6 Re8 24. exf7+ Kxf7 25. Rxe8 Kxe8 26.
Re1+ Re3 27. Rxe3+ fxe3 28. Kf1 Ke7 29. Ke2 d4 30.
Kd3 Ke6 31. Kxd4 e2 0-1

[Event "Live Chess"]
[Site "Chess.com"]
[Date "2023.09.16"]
[Round "-"]
[White "rakohibri"]
[Black "Ruanfelipe2014"]
[Result "1-0"]
[WhiteElo "875"]
[BlackElo "966"]
[TimeControl "900+5"]
[EndTime "7:15:03 PDT"]
[Termination "rakohibri venceu por desistência"]

1. d4 d5 2. c4 Nf6 3. cxd5 Nxd5 4. e4 Nb6 5. Nc3 Nc6 6. Nf3 Bg4 7. d5 Ne5 8. Be2 Nxf3+ 9. Bxf3 Bxf3 10. Qxf3 e5 11.
Be3 Nc4 12. Bc1 Bc5 13. O-O Qd7 14. b3 Nb6 15. Be3 Bxe3 16. Qxe3 O-O 17. Rac1 f5 18. Rfd1 fxe4 19. Nxe4 Rac8 20. d6 cxd6 21. Rxc8 Rxc8 22. h3 Rc2 23. Rxd6 Qc7 24. Rd2 Rc1+ 25. Kh2 Qc6 26. Ng5 Qc7 27. Qe4 h6 28. Qh7+ Kf8 29. Ne6+ Ke7 30. Nxc7 Rxc7 1-0